Map: [ESL] Stargazers

Players

Serral - Winner!

  • Race: Zerg Zerg
  • Spawn Location: 11:00

RagnaroK (SHIN)

  • Race: Zerg Zerg
  • Spawn Location: 1:00

Event: DreamHack SC2 Masters 2022 Atlanta (Offline)

VOD

Have the link to the VOD?

Description

Time

  • Played on: Nov. 19, 2022, 5:08 p.m.
  • Length: 10:51

All games in this series

Show
View Real Time Build Order
Export as new Build Order

Serral Zerg - Winner!

Build Orders: Hatch First 

Get SALT Encoding   

  12  0:00  Drone  
  13  0:12  Overlord  
  13  0:16  Drone  
  14  0:30  Drone x2  
  16  0:48  Hatchery  
  15  0:51  Drone  
  15  0:55  Drone  
  17  0:58  Drone  
  18  1:10  Extractor  
  17  1:13  Spawning Pool  
  17  1:16  Drone  
  17  1:19  Drone  
  18  1:28  Drone  
  19  1:38  Drone  
  20  1:57  Drone  
  20  2:00  Queen x2  
  20  2:01  Zergling x2  
  26  2:02  Overlord  
  26  2:12  Metabolic Boost  
  26  2:14  Zergling x2  
  28  2:15  Zergling x2  
  28  2:21  Drone  
  28  2:22  Drone  
  30  2:32  Drone x2  
  32  2:43  Baneling Nest, Drone x2  
  32  2:56  Overlord  
  32  2:58  Drone  
  33  3:06  Zergling x4  
  33  3:12  Zergling x4, Evolution Chamber  
  36  3:13  Evolution Chamber  
  36  3:15  Evolution Chamber  
  36  3:16  Zergling x2  
  36  3:17  Zergling x4  
  36  3:22  Zergling x4  
  36  3:27  Baneling x3  
  38  3:28  Zergling x2  
  39  3:36  Zergling x4  
  39  3:37  Baneling x2  
  43  3:46  Overlord x2  
  42  4:01  Roach Warren  
  41  4:04  Drone x2  
  41  4:07  Drone x2  
  45  4:11  Drone x2  
  45  4:15  Drone x3  
  50  4:19  Zerg Missile Weapons Level 1  
  50  4:23  Drone  
  51  4:26  Overlord  
  51  4:30  Drone  
  51  4:31  Drone  
  52  4:36  Drone x2  
  52  4:38  Extractor  
  53  4:39  Extractor  
  53  4:44  Drone  
  53  4:46  Drone x3  
  55  5:00  Drone  
  55  5:02  Lair  
  55  5:05  Hatchery  
  55  5:12  Roach x3  
  60  5:17  Drone x4  
  60  5:18  Extractor  
  63  5:23  Roach x2  
  63  5:26  Overlord  
  67  5:30  Overlord  
  66  5:45  Drone x2  
  68  5:50  Roach x2  
  68  5:51  Roach  
  68  5:55  Queen, Overlord x2  
  68  5:56  Overlord  
  76  5:58  Roach x2  
  76  6:02  Glial Reconstitution  
  79  6:12  Overlord  
  79  6:13  Overseer  
  79  6:18  Spire  
  78  6:20  Roach  
  78  6:21  Roach x2  
  83  6:30  Drone x3  
  83  6:31  Drone  
  83  6:32  Roach x3  
  94  6:33  Roach  
  94  6:37  Overlord  
  94  6:38  Roach  
  96  6:47  Zerg Missile Weapons Level 2  
  96  6:49  Drone x3  
  96  6:50  Drone  
  96  6:52  Overlord  
  100  6:58  Overlord  
  100  6:59  Roach  
  100  7:00  Overseer  
  102  7:07  Drone x3  
  105  7:12  Roach x3  
  111  7:18  Roach x3  
  116  7:27  Roach x4  
  123  7:34  Overlord  
  123  7:35  Overlord  
  123  7:43  Extractor  
  123  7:44  Mutalisk x3, Extractor  
  122  7:47  Drone x4  
  131  7:52  Drone  
  131  7:53  Drone x4  
  131  7:54  Drone  
  131  7:55  Mutalisk  
  139  8:04  Mutalisk  
  140  8:07  Overlord  
  140  8:08  Overlord  
  140  8:10  Overlord  
  140  8:17  Drone  
  140  8:19  Mutalisk x2  
  141  8:23  Overlord  
  141  8:24  Hatchery  
  141  8:25  Drone  
  145  8:34  Roach x5  
  155  8:45  Centrifugal Hooks  
  153  8:50  Roach x7  
  153  8:55  Overlord  
  167  8:57  Overlord  
  167  9:01  Roach  
  167  9:02  Roach x3  
  175  9:13  Drone  
  175  9:14  Drone x4  
  180  9:18  Zergling x10  
  185  9:26  Zergling x12  
  191  9:32  Zergling x4  
  193  9:39  Zergling x2  
  193  9:40  Zergling x4  
  193  9:44  Baneling x21  
  196  9:46  Zergling x4  
  196  9:47  Zergling x2  
  196  9:50  Baneling x5  
  199  10:06  Baneling x12  
  199  10:11  Overlord  
  199  10:14  Overlord  
Show
View Real Time Build Order
Export as new Build Order

RagnaroK Zerg 

Build Orders: Pool First 

Get SALT Encoding   

  12  0:00  Drone  
  13  0:08  Drone  
  14  0:16  Overlord  
  14  0:32  Spawning Pool  
  14  0:35  Drone  
  14  0:40  Drone  
  15  0:43  Drone  
  15  0:47  Drone  
  15  0:49  Extractor  
  16  1:11  Hatchery  
  15  1:19  Zergling x4  
  15  1:23  Zergling x2  
  18  1:35  Queen  
  20  1:49  Metabolic Boost  
  20  1:53  Overlord  
  20  1:56  Drone  
  20  2:00  Drone  
  22  2:11  Queen  
  24  2:22  Zergling x4  
  26  2:24  Zergling x2  
  26  2:26  Zergling x2  
  28  2:35  Zergling x2  
  28  2:38  Zergling x2  
  30  2:44  Zergling x4  
  30  2:45  Zergling x2  
  30  2:46  Zergling x2  
  30  2:50  Zergling x2  
  32  2:55  Zergling x2  
  33  3:01  Zergling x2  
  34  3:06  Zergling x2  
  34  3:12  Overlord  
  35  3:14  Overlord  
  35  3:17  Extractor  
  35  3:18  Zergling x4, Extractor  
  37  3:30  Zergling x10  
  41  3:37  Drone  
  41  3:43  Drone  
  41  3:47  Drone x3  
  45  3:48  Drone  
  45  3:52  Drone  
  45  3:55  Drone  
  47  4:01  Baneling Nest  
  46  4:07  Drone x2  
  48  4:12  Drone  
  48  4:13  Drone  
  50  4:21  Drone x2  
  50  4:23  Overlord  
  52  4:29  Overlord  
  52  4:32  Overlord  
  52  4:40  Evolution Chamber  
  52  4:43  Drone  
  52  4:44  Drone x3  
  53  4:46  Baneling, Drone  
  53  4:49  Drone  
  55  4:54  Baneling  
  55  4:55  Drone x2  
  56  5:02  Roach Warren  
  56  5:03  Drone, Extractor  
  56  5:05  Drone  
  57  5:07  Drone  
  57  5:10  Zerg Missile Weapons Level 1  
  57  5:13  Drone x2  
  59  5:15  Drone  
  59  5:17  Extractor  
  59  5:20  Drone x2  
  61  5:26  Overlord  
  60  5:32  Lair  
  60  5:34  Overlord  
  60  5:38  Overlord  
  59  5:45  Hatchery  
  59  5:47  Roach  
  59  5:49  Roach  
  56  5:51  Roach  
  56  5:54  Roach  
  56  5:56  Roach  
  62  6:01  Roach x2  
  65  6:05  Roach  
  65  6:07  Roach  
  65  6:09  Roach  
  73  6:11  Roach  
  73  6:14  Roach  
  73  6:17  Roach  
  77  6:20  Roach  
  81  6:25  Roach  
  81  6:26  Roach  
  81  6:31  Drone x4  
  87  6:36  Glial Reconstitution  
  87  6:39  Drone x3  
  90  6:47  Drone x3  
  93  6:58  Queen  
  93  7:01  Overlord  
  95  7:02  Overseer  
  95  7:03  Roach x4  
  102  7:09  Overlord  
  102  7:11  Roach  
  102  7:12  Overlord  
  104  7:16  Overlord  
  104  7:20  Roach  
  104  7:21  Roach x2  
  108  7:27  Drone x3, Extractor  
  110  7:31  Zerg Missile Weapons Level 2  
  110  7:33  Roach  
  110  7:36  Roach  
  114  7:38  Drone x2  
  114  7:41  Roach  
  114  7:44  Roach  
  120  7:45  Roach  
  120  7:48  Roach  
  124  7:51  Drone x3  
  124  7:56  Extractor  
  126  8:00  Drone x4  
  126  8:06  Roach x4  
  126  8:11  Roach x2  
  138  8:18  Overlord  
  138  8:19  Overlord x2, Extractor  
  137  8:21  Spore Crawler  
  137  8:23  Spore Crawler  
  137  8:26  Spore Crawler  
  134  8:29  Overlord  
  134  8:33  Hydralisk Den  
  133  8:34  Overlord  
  133  8:37  Overlord  
  133  8:41  Drone x2  
  135  8:44  Drone  
  135  8:45  Drone x2  
  142  8:59  Overlord  
  142  9:00  Overlord  
  142  9:02  Grooved Spines, Hydralisk  
  142  9:03  Hydralisk  
  142  9:06  Hydralisk x3  
  146  9:11  Hydralisk x2  
  146  9:14  Overlord  
  146  9:15  Overlord  
  150  9:18  Hydralisk  
  151  9:24  Hydralisk x2  
  151  9:27  Hydralisk  
  156  9:31  Hydralisk  
  156  9:35  Hydralisk  
  160  9:38  Hydralisk  
  160  9:43  Overlord  
  160  9:45  Overlord  
  162  9:50  Hydralisk x3  
  162  9:52  Roach  
  170  9:56  Overlord  
  170  9:57  Overlord  
  170  10:00  Overlord  
  170  10:02  Overlord  
  170  10:06  Roach x2  
  173  10:07  Roach x8  
  173  10:11  Roach x2  
  173  10:13  Overlord  
  177  10:15  Roach  
  177  10:18  Ravager x2  
  177  10:19  Ravager x5  
  187  10:21  Ravager  
  187  10:22  Roach  
  177  10:30  Roach x6  
  177  10:31  Roach  
Tags
 
Add a new tag
Caveats
  • Supply blocks, unpowered buildings, or Contaminate may cause inaccurate times.
  • Supply counts are checked every 10 seconds.